 Dungeon Crawl Stone Soup version 0.23.2-40-g277498a001 (webtiles) character file.

Game seed: 7055361316778688783

110 Amplified the Skirmisher (level 4, -1/34 HPs)
             Began as a Demonspawn Warper on Oct 20, 2019.
             Slain by a gnoll (6 damage)
             ... on level 2 of the Dungeon.
             The game lasted 00:03:45 (1963 turns).

Amplified the Skirmisher (Demonspawn Warper)        Turns: 1963, Time: 00:03:45

Health: -1/34      AC:  4    Str: 12    XL:     4   Next: 61%
Magic:  7/7        EV: 12    Int: 14    God:
Gold:   93         SH:  4    Dex: 13    Spells: 5/7 levels left

rFire    + . .     SeeInvis .   e - +1 whip
rCold    . . .     Gourm    .   (no shield)
rNeg     . . .     Faith    .   b - +1 leather armour
rPois    .         Spirit   .   (no helmet)
rElec    .         Reflect  .   (no cloak)
rCorr    .         Harm     .   (no gloves)
MR       .....                  (no boots)
Stlth    +.........             (no amulet)
HPRegen  0.11/turn              (no ring)
MPRegen  0.10/turn              (no ring)

@: lethally poisoned (-1 -> -4)
A: hooves 1, large bone plates 1, fire resistance 1
a: no special abilities


You were on level 2 of the Dungeon.
You were not hungry.

You visited 1 branch of the dungeon, and saw 3 of its levels.

You collected 93 gold pieces.

Inventory:

Hand Weapons
 e - a +1 whip (weapon)
Armour
 b - a +1 leather armour (worn)
Scrolls
 d - a scroll of teleportation {unknown}
Comestibles
 a - 2 chunks of flesh
 f - 3 rations


   Skills:
 * Level 2.9 Fighting
 * Level 2.6 Maces & Flails
 - Level 0.8 Throwing
 * Level 2.1 Armour
 * Level 2.6 Dodging
 - Level 2.0 Spellcasting
 - Level 2.6 Translocations


You had 5 spell levels left.
You knew the following spells:

 Your Spells              Type           Power        Failure   Level  Hunger
a - Blink                 Tloc           N/A          16%         2    ###....

Your spell library contained the following spells:

 Spells                   Type           Power        Failure   Level  Hunger
 Shroud of Golubria       Chrm/Tloc      #.........   26%         2    ###....
 Gell's Gravitas          Tloc           #.........   30%         3    ####...
 Lesser Beckoning         Tloc           #.........   30%         3    ####...
 Teleport Other           Tloc           #.......     30%         3    ####...
 Passage of Golubria      Tloc           N/A          69%         4    #####..


Dungeon Overview and Level Annotations

Branches:
Dungeon (3/15)

Altars:
Dithmenos

Annotations:
D:2 Terence


Innate Abilities, Weirdness & Mutations

You have large cloven feet.
You are partially covered in large bone plates. (SH +4)
Your flesh is heat resistant. (rF+)


Message History

You feel sick.
You feel sick.
You feel sick.
You feel sick.
There is a stone staircase leading up here.
The gnoll closely misses you.
You climb upwards.
Level annotation: Terence A frilled lizard and a hobgoblin come into view.
You feel sick.
The frilled lizard hisses angrily.
The frilled lizard bites you.
* * * LOW HITPOINT WARNING * * *
The frilled lizard bites you.
* * * LOW HITPOINT WARNING * * *
Found a hand axe and a mace.
There is a stone staircase leading down, spattered with blood here.
Some of the chunks of flesh in your inventory have rotted away.
The gnoll hits you.
You die...

.... ....#
. ). #..#.
.# #. #...
.. ##.)
#..# .#
...##..#.#
#.#.....#
#...@#
#..g.#
##.>l#
#..g#
#...#
#...#
#...#
#...#
#####


You could see a gnoll, a hobgoblin and a frilled lizard.

Vanquished Creatures
  2 gnolls (D:3)
  4 adders (D:3)
  An ooze (D:1)
  A dart slug (D:1)
  A leopard gecko (D:3)
  An orc (D:3)
  3 giant cockroaches
  6 goblins
  6 hobgoblins
  2 quokkas (D:3)
  A ball python (D:1)
  5 bats
  A frilled lizard (D:1)
  7 kobolds
  9 rats
50 creatures vanquished.

Notes
Turn   | Place    | Note
-------+----------+-------------------------------------------
     0 | D:1      | Amplified the Demonspawn Warper began the quest for the
                  | Orb.
     0 | D:1      | Reached XP level 1. HP: 16/16 MP: 3/3
    38 | D:1      | Reached skill level 1 in Armour
   225 | D:1      | Gained mutation: Your flesh is heat resistant. (rF+)
                  | [demonic ancestry]
   225 | D:1      | Reached XP level 2. HP: 11/22 MP: 5/5
   556 | D:2      | Noticed Terence
  1277 | D:2      | Gained mutation: You are partially covered in large bone
                  | plates. (SH +4) [demonic ancestry]
  1277 | D:2      | Reached XP level 3. HP: 11/28 MP: 6/6
  1485 | D:3      | Learned a level 2 spell: Blink
  1748 | D:3      | Gained mutation: You have large cloven feet. [demonic
                  | ancestry]
  1748 | D:3      | Reached XP level 4. HP: 26/34 MP: 7/7
  1845 | D:3      | Found a shadowy altar of Dithmenos.
  1848 | D:3      | Gained mutation: Your spells are a little easier to cast,
                  | but a little less powerful. [potion of mutation]
  1848 | D:3      | Lost mutation: Your spells are a little easier to cast, but
                  | a little less powerful. [potion of mutation]
  1963 | D:2      | Slain by a gnoll

Skill      XL: |  1  2  3  4 |
---------------+-------------+-----
Armour         | 1 2 |  2.1
Maces & Flails | 2 |  2.6
Dodging        | 2 |  2.6
Fighting       | |  2.9
Throwing       | |  0.8
Spellcasting   | |  2.0
Translocations | |  2.6

Action                   |  1- 3 |  4- 6 || total
-------------------------+-------+-------++-------
Melee: Mace              |    18 |       ||    18
       Whip              |   136 |    29 ||   165
       Kick              |       |     6 ||     6
Throw: Tomahawk          |     5 |       ||     5
       Throwing net      |       |     1 ||     1
  Use: Potion            |     6 |     1 ||     7
       Scroll            |     4 |       ||     4
 Stab: Invisible         |     1 |       ||     1
       Held in net/web   |       |     1 ||     1
  Eat: Chunk             |     1 |       ||     1
       Ration            |     1 |       ||     1
Armor: Leather armour    |    40 |     2 ||    42
Dodge: Dodged            |   106 |    13 ||   119
Block: Other             |     8 |     3 ||    11
